 Dungeon Crawl Stone Soup version 0.28.0 (webtiles) character file.

Game seed: 16318242044221224704

143084 joshe the Sorcerer (level 16, -2/76 HPs)
             Began as a Deep Elf Conjurer on Feb 17, 2022.
             Was an Initiate of Gozag.
             Killed from afar by Asterion (64 damage)
             ... with an orb of electricity
             ... on level 3 of the Elven Halls on Feb 18, 2022.
             The game lasted 04:58:46 (40030 turns).

joshe the Sorcerer (Deep Elf Conjurer)             Turns: 40030, Time: 04:58:51

Health: -2/76      AC: 13    Str: 16    XL:     16   Next: 82%
Magic:  3/52       EV: 15    Int: 38    God:    Gozag
Gold:   2001       SH:  0    Dex: 11    Spells: 1/57 levels left

rFire   . . .      SeeInvis .   w - +7 dagger "Ranoidet" {protect, rPois Str+5}
rCold   . . .      Faith    .   (no shield)
rNeg    . . .      Spirit   .   P - +1 robe of Darkness {Str+4 Dex-2 Slay+3 Archmagi}
rPois   +          Reflect  .   K - +2 hat
rElec   .          Harm     .   s - +1 cloak {Will+}
rCorr   .          Rampage  .   Q - +2 pair of gloves {Str+3}
Will    ++...      Archmagi +   b - +2 pair of boots
Stlth   ++........              V - amulet of the acrobat
HPRegen 0.22/turn               F - ring of magical power
MPRegen 0.33/turn               x - +6 ring of intelligence

@: brilliant, gold aura
A: no striking features
a: Renounce Religion, Potion Petition, Call Merchant, Bribe Branch


You were on level 3 of the Elven Halls.
You worshipped Gozag.
Gozag was most pleased with you.
You visited 5 branches of the dungeon, and saw 24 of its levels.

You collected 7850 gold pieces.
You spent 3542 gold pieces at shops.
You paid 2307 gold pieces to Gozag.

Inventory:

Hand Weapons
 o - the +11 mace of Desperation {vorpal, Str+3}
   (You found it on level 3 of the Dungeon)

   It inflicts extra damage upon your enemies.
   Str:       It affects your strength (+3).
 r - the +9 hunting sling "Asol" {vorpal, Int+4 Dex+3}
   (You found it on level 5 of the Dungeon)

   Any ammunition fired from it inflicts extra damage upon your enemies.
   Int:       It affects your intelligence (+4).
   Dex:       It affects your dexterity (+3).
 w - the +7 dagger "Ranoidet" (weapon) {protect, rPois Str+5}
   (You found it on level 7 of the Dungeon)

   It grants its wielder temporary protection when it strikes (+7 to AC).
   Str:       It affects your strength (+5).
   rPois:     It protects you from poison.
Missiles
 p - 43 poisoned darts
 q - 6 datura-tipped darts
Armour
 b - a +2 pair of boots (worn)
 s - a +1 cloak of willpower (worn)
 K - a +2 hat (worn)
 P - the +1 robe of Darkness (worn) {Str+4 Dex-2 Slay+3 Archmagi}
   (You found it on level 10 of the Dungeon)

   Str:       It affects your strength (+4).
   Dex:       It affects your dexterity (-2).
   Slay:      It affects your accuracy & damage with ranged weapons and melee
   (+3).
   Archmagi:  It increases the power of your magical spells.
 Q - a +2 pair of gloves of strength (worn)
Jewellery
 a - a ring of positive energy
 g - a ring of see invisible
 i - the ring of Joudghof {rC+ Slay+2}
   (You acquired it on level 9 of the Dungeon)

   [ring of protection from cold]

   Slay:      It affects your accuracy & damage with ranged weapons and melee
   (+2).
   rC:        It protects you from cold.
 n - a +4 ring of protection
 t - a ring of wizardry
 x - a +6 ring of intelligence (right hand)
 y - an amulet of reflection
 F - a ring of magical power (left hand)
 I - a +4 ring of evasion
 L - an amulet of magic regeneration
 O - a +4 ring of evasion
 V - an amulet of the acrobat (around neck)
Wands
 h - a wand of polymorph (14)
 j - a wand of flame (31)
 C - a wand of iceblast (13)
 J - a wand of digging (5)
Scrolls
 c - 6 scrolls of teleportation
 v - 2 scrolls of fear
 A - a scroll of magic mapping
 D - a scroll of enchant weapon
 G - 4 scrolls of identify
 M - 2 scrolls of holy word
 N - a scroll of summoning
 R - 3 scrolls of fog
 X - 2 scrolls of immolation {unknown}
Potions
 e - 8 potions of mutation
 f - 3 potions of haste
 k - 3 potions of magic
 l - 3 potions of invisibility
 m - 7 potions of curing
 u - 4 potions of lignification
 z - a potion of berserk rage
 B - 4 potions of heal wounds
 E - 3 potions of might
 H - a potion of ambrosia
 S - a potion of flight
 W - a potion of brilliance
Miscellaneous
 T - a condenser vane (inert)
 U - a phantom mirror


   Skills:
 - Level 0.4 Staves
 - Level 0.5 Armour
 - Level 9.0 Dodging
 - Level 3.0 Stealth
 - Level 21.0 Spellcasting
 - Level 17.0 Conjurations
 - Level 18.0 Hexes
 + Level 15.3 Summonings
 - Level 5.0 Translocations
 - Level 3.0 Evocations


You had one spell level left.
You knew the following spells:

 Your Spells              Type           Power      Damage    Failure   Level
a - Magic Dart            Conj           100%       1d8       0%          1
b - Searing Ray           Conj           100%       2d8       0%          2
c - Fulminant Prism       Conj/Hex       78%        3d32      0%          4
d - Iskenderun's Mystic   Conj/Tloc      100%       2d19      1%          4
e - Blink                 Tloc           100%       N/A       1%          2
f - Enfeeble              Hex            79%        N/A       1%          7
g - Orb of Destruction    Conj           77%        9d17      1%          7
h - Summon Lightning Spi  Summ/Air       100%       N/A       1%          4
i - Summon Cactus Giant   Summ           75%        N/A       1%          6
j - Spellforged Servitor  Conj/Summ      76%        N/A       1%          7
k - Summon Forest         Summ/Tloc      66%        N/A       1%          5
l - Summon Hydra          Summ           75%        N/A       1%          7

Your spell library contained the following spells:

 Spells                   Type           Power      Damage    Failure   Level
 Summon Small Mammal      Summ           100%       N/A       0%          1
 Animate Skeleton         Necr           100%       N/A       1%          1
 Foxfire                  Conj/Fire      100%       2x1d9     1%          1
 Call Imp                 Summ           100%       N/A       0%          2
 Dazzling Flash           Conj/Hex       100%       N/A       0%          3
 Summon Guardian Golem    Hex/Summ       100%       N/A       0%          3
 Tukima's Dance           Hex            100%       N/A       0%          3
 Passwall                 Tmut/Erth      61%        N/A       1%          2
 Scorch                   Fire           100%       2d10      1%          2
 Conjure Flame            Conj/Fire      100%       6-21      1%          3
 Gell's Gravitas          Tloc           100%       N/A       1%          3
 Ignite Poison            Fire/Tmut/Pois 74%        N/A       1%          3
 Inner Flame              Hex/Fire       100%       N/A       1%          3
 Lesser Beckoning         Tloc           100%       N/A       1%          3
 Mephitic Cloud           Conj/Pois/Air  100%       N/A       1%          3
 Stone Arrow              Conj/Erth      100%       3d13      1%          3
 Teleport Other           Tloc           100%       N/A       1%          3
 Anguish                  Hex/Necr       63%        N/A       1%          4
 Animate Armour           Summ/Erth      100%       N/A       1%          4
 Flame Wave               Conj/Fire      100%       2d17      1%          4
 Leda's Liquefaction      Hex/Erth       63%        N/A       1%          4
 Passage of Golubria      Tloc           100%       N/A       1%          4
 Summon Ice Beast         Ice/Summ       100%       N/A       1%          4
 Freezing Cloud           Conj/Ice/Air   56%        6-21      1%          5
 Lightning Bolt           Conj/Air       62%        1d86      1%          5
 Silence                  Hex/Air        63%        N/A       1%          5
 Summon Mana Viper        Hex/Summ       100%       N/A       1%          5
 Yara's Violent Unravell  Hex/Tmut       63%        3d24      1%          5
 Manifold Assault         Tloc           100%       N/A       2%          5
 Airstrike                Air            37%        N/A       6%          4
 Animate Dead             Necr           37%        N/A       6%          4
 Agony                    Necr           74%        N/A       19%         5
 Lee's Rapid Deconstruct  Erth           37%        3d19*     19%         5
 Haunt                    Necr/Summ      60%        N/A       24%         7
 Eringya's Noxious Bog    Tmut/Pois      37%        N/A       69%         6
 Statue Form              Tmut/Erth      49%        N/A       69%         6
 Lehudib's Crystal Spear  Conj/Erth      62%        10d14     78%         8
 Infestation              Necr           37%        N/A       100%        8
 Shatter                  Erth           37%        3d29*     100%        9


Dungeon Overview and Level Annotations

Branches:
Dungeon (12/15)            Temple (1/1) D:7            Lair (6/6) D:9
  Swamp (0/4) Lair:2        Snake (0/4) Lair:4        Slime (0/5) Lair:6
    Orc (2/2) D:12            Elf (3/3) Orc:2

Altars:
Ashenzari
Cheibriados
Dithmenos
Elyvilon
Fedhas
Gozag
Hepliaklqana
Kikubaaqudgha
Makhleb
Nemelex Xobeh
Okawaru
Qazlal
Ru
Sif Muna
Trog
Uskayaw
Vehumet
Wu Jian
Xom
Yredelemnul
Zin
The Shining One
Beogh

Shops:
D:5 (   D:9 :[   D:12 :   Orc:2 :[*(   Elf:3 =:=!

Annotations:
D:3 3 runed translucent doors, Alacron's ghost, amateur TeBe; Crazy Yiuf
D:7 2 transporters, DemonSlayer's ghost, novice DEWz
D:12 3 runed translucent doors, Afrar's ghost, journeyman FoFi
Lair:2 1 runed translucent door, Jingleheimer's ghost, journeyman MiEn
Elf:3 Asterion


Message History

Press: ? - help, Shift-Dir - straight line, f/p - Asterion
Aim: Asterion, wielding a +3 demon trident of venom, wearing a +2 chain mail of cold resistance and wearing a +0 kite shield (moderately wounded, fast, weak)
You feel a strong surge of power!
The wavering orb of destruction hits the +0 halberd of flaming!!!
The +0 halberd of flaming turns to gold and falls from the air.
Casting: Orb of Destruction (dangerous; 1% risk of failure)
Confirm with . or Enter, or press ? or * to list all spells.
Aiming: Orb of Destruction (dangerous; 1% risk of failure)
Press: ? - help, Shift-Dir - straight line, f/p - Asterion
Aim: Asterion, wielding a +3 demon trident of venom, wearing a +2 chain mail of cold resistance and wearing a +0 kite shield (moderately wounded, fast, weak)
You feel a strong surge of power!
Asterion is no longer weakened.
Asterion blocks your orb of destruction.
Your orb of destruction dissipates.
Casting: Orb of Destruction (dangerous; 1% risk of failure)
Confirm with . or Enter, or press ? or * to list all spells.
Aiming: Orb of Destruction (dangerous; 1% risk of failure)
Press: ? - help, Shift-Dir - straight line, f/p - Asterion
Aim: Asterion, wielding a +3 demon trident of venom, wearing a +2 chain mail of cold resistance and wearing a +0 kite shield (magical condensation, moderately wounded, fast)
You feel a strong surge of power!
Asterion hits you from afar with a +3 demon trident of venom!!
You are poisoned.
The wavering orb of destruction hits Asterion!!!
Asterion is severely wounded.
Casting: Orb of Destruction (dangerous; 1% risk of failure)
Confirm with . or Enter, or press ? or * to list all spells.
You feel a strong surge of power!
You blink.
You feel very sick.
Asterion mumbles some strange prayers to Makhleb.
You feel better.
Casting: Blink (safe; 1% risk of failure)
Confirm with . or Enter, or press ? or * to list all spells.
You don't have enough magic to cast this spell.
Clouds of poison gas condense around you!
The condenser dries out!
Asterion is engulfed in poison gas.
Asterion is poisoned.
Asterion conjures a destructive force in the name of Makhleb!
The orb of electricity explodes!
The orb of electricity engulfs you!!!
Ouch! That really hurt!
You die...
Your body crumbles into a pile of gold.

......#...≈≈#..#...#
$ $ $
......#...≈≈#..#...#
$$$ $
......#...≈≈#..#...#
$
......#...≈≈#..#...#
$ $$
....##+...≈≈#..#'###
$
..###.....≈≈#..#...#
$
####.#....≈≈#..#...#
##.##....≈≈#..#$).#
#.###....≈≈#..#@..#
#. #....≈≈#..#...# .
#....≈≈#..#§§.# #
#....≈≈#..#H§§# ##
#....≈≈#..§§§2# .#
#.....$'..#.§§# .#
#......'..##'## .#
#....≈≈#..#...# '#
#....≈≈#..#...#


You could see Asterion (fast, poisoned) and a green death (summoned).

Vanquished Creatures
  2 deep elf blademasters
  2 deep elf sorcerers (Elf:3)
  A deep elf high priest (Elf:3)
  Harold (D:7)
  7 hydras
  Erica (D:10)
  An ogre mage (D:12)
  9 two-headed ogres
  A death yak (Lair:4)
  9 deep elf knights
  Sonja (D:10)
  A fire crab (Lair:5)
  4 large abominations (Elf:2)
  A nameless horror (Orc:2)
  5 deep elf archers
  A wizard (Elf:2)
  2 orc knights
  13 deep elf pyromancers
  3 orc sorcerers
  14 deep elf zephyrmancers
  A cyclops (Orc:2)
  An ugly thing (D:11)
  2 manticores (D:12)
  8 black mambas
  10 elephants
  A gargoyle (D:12)
  4 rime drakes
  13 cane toads
  11 komodo dragons
  4 kobold demonologists
  A polar bear (Lair:3)
  A queen bee (Lair:2)
  2 tyrant leeches (Lair:6)
  4 trolls
  A hornet (D:11)
  7 slime creatures
  14 blink frogs
  9 dream sheep
  A shadow (D:11)
  2 vampires
  11 wyverns
  4 wraiths
  An air elemental (Elf:1)
  3 basilisks
  21 yaks
  2 steam dragons (D:6)
  8 vampire mosquitoes
  4 swamp worms
  Duvessa (D:4)
  3 small abominations (Elf:2)
  22 water moccasins
  An acid dragon (D:9)
  A swamp drake (D:9)
  3 nagas (Lair:4)
  A hornet zombie (D:7)
  An ice beast (D:6)
  26 orc warriors
  A black bear (D:7)
  3 ogres
  10 centaurs
  20 wolves
  Blork the orc (D:6)
  4 kobold brigands
  A phantom (D:5)
  13 bullfrogs
  5 scorpions
  Dowan (D:4)
  A wyvern skeleton (D:7)
  33 killer bees
  14 wights
  4 electric eels
  5 howler monkeys
  3 centaur zombies
  5 bullfrog zombies
  A hound (D:5)
  9 orc priests
  14 jellies
  A centaur skeleton (D:4)
  Jessica (D:3)
  Ijyb (D:3)
  3 iguanas
  27 orc wizards
  4 hell rats
  A killer bee zombie (D:9)
  A hound skeleton (D:4)
  11 river rats
  9 adders
  2 shadow imps
  A white imp (D:7)
  A worm (D:4)
  41 orcs
  6 ball pythons
  7 endoplasms
  3 goblins
  4 hobgoblins
  14 kobolds
  4 quokkas
  3 bats
  2 frilled lizards
  15 rats
  2 fulminant prisms
601 creatures vanquished.

Vanquished Creatures (collateral kills)
  Saint Roka (Orc:2)
  A deep elf master archer (Elf:3)
  Agnes (Elf:1)
  Roxanne (Elf:3)
  Donald (Orc:2)
  A deep elf elementalist (Elf:3)
  A deep elf demonologist (Elf:1)
  A deep elf annihilator (Elf:3)
  A deep elf death mage (Elf:2)
  6 hydras
  A boulder beetle (Lair:5)
  3 death yaks (Lair:4)
  5 dancing weapons
  An orc high priest (Orc:2)
  A deep elf knight (Elf:1)
  A goliath frog (Lair:6)
  A deep elf archer (Elf:2)
  11 deep elf pyromancers
  3 orc knights (Orc:2)
  13 deep elf zephyrmancers
  A large abomination (Elf:2)
  An orc sorcerer (Orc:2)
  3 elephants (Lair:4)
  A torpor snail (Lair:6)
  A nameless horror (Elf:2)
  10 cane toads
  4 trolls
  A polar bear (Lair:6)
  5 blink frogs
  2 slime creatures (D:12)
  3 dream sheep (Lair:6)
  13 yaks
  A wyvern (Lair:5)
  A basilisk (Lair:5)
  2 vampire mosquitoes (Lair:6)
  2 wargs (Orc:1)
  10 orc warriors
  3 wolves (Lair:6)
  4 small abominations (Elf:2)
  4 bullfrogs
  An earth elemental (Elf:1)
  2 electric eels (Lair:6)
  A jelly (Lair:6)
  2 orc priests (Orc:2)
  3 orc wizards (Orc:2)
  9 orcs
  An endoplasm (Lair:6)
  2 fulminant prisms (Elf:1)
  A fungus (Lair:5)
149 creatures vanquished.

Vanquished Creatures (others)
  22 dancing weapons
  A deep elf zephyrmancer (Elf:2)
  A deep elf archer (Elf:1)
  A deep elf pyromancer (Elf:1)
  A blink frog (Lair:4)
  643 fulminant prisms
  60 fungi
  167 plants
  A snaplasher vine (Elf:2)
897 creatures vanquished.

Grand Total: 1647 creatures vanquished

Notes
Turn   | Place    | Note
-------+----------+-------------------------------------------
     0 | D:1      | joshe the Deep Elf Conjurer began the quest for the Orb.
     0 | D:1      | Reached XP level 1. HP: 10/10 MP: 6/6
    64 | D:1      | Found a faded altar of an unknown god.
   344 | D:1      | Reached XP level 2. HP: 15/15 MP: 6/8
   347 | D:1      | Learned a level 2 spell: Searing Ray
   385 | D:1      | Reached skill level 5 in Conjurations
  1015 | D:2      | Reached XP level 3. HP: 19/19 MP: 5/9
  1610 | D:3      | Found a runed translucent door.
  1736 | D:3      | Reached XP level 4. HP: 24/24 MP: 6/10
  1741 | D:3      | Learned a level 4 spell: Fulminant Prism
  1780 | D:3      | Reached skill level 1 in Hexes
  1857 | D:3      | Identified the +11 mace of Desperation {vorpal, Str+3}
  1863 | D:3      | Found a runed translucent door.
  1864 | D:3      | Noticed Crazy Yiuf
  1889 | D:3      | Noticed Ijyb
  1942 | D:3      | Killed Ijyb
  2220 | D:3      | Found a runed translucent door.
  2225 | D:3      | Noticed Alacron's ghost (amateur TeBe)
  2270 | D:3      | Reached XP level 5. HP: 22/28 MP: 3/11
  2819 | D:3      | Found an ornate altar of the Wu Jian Council.
  2820 | D:3      | Found a shadowy altar of Dithmenos.
  2913 | D:3      | Reached skill level 4 in Spellcasting
  2977 | D:3      | Learned a level 4 spell: Iskenderun's Mystic Blast
  3197 | D:4      | Noticed Dowan
  3199 | D:4      | Noticed Duvessa
  3370 | D:3      | Noticed Jessica
  3373 | D:3      | Killed Jessica
  3475 | D:4      | Reached skill level 5 in Hexes
  3475 | D:4      | Reached XP level 6. HP: 32/32 MP: 7/14
  3580 | D:4      | Killed Duvessa
  3581 | D:4      | Reached skill level 5 in Spellcasting
  3581 | D:4      | Reached skill level 1 in Translocations
  4002 | D:4      | Killed Dowan
  4578 | D:5      | Entered Level 5 of the Dungeon
  4653 | D:5      | Identified the +9 hunting sling "Asol" {vorpal, Int+4
                  | Dex+3}
  4662 | D:5      | Reached XP level 7. HP: 36/36 MP: 8/16
  4938 | D:5      | Reached skill level 6 in Spellcasting
  5030 | D:5      | Noticed a two-headed ogre
  5110 | D:5      | Killed a two-headed ogre
  5111 | D:5      | Reached skill level 7 in Spellcasting
  5111 | D:5      | Reached XP level 8. HP: 41/41 MP: 3/20
  5492 | D:5      | Reached skill level 5 in Translocations
  5684 | D:5      | Found Esiuxzate's Weapon Emporium.
  5870 | D:5      | Identified the +1 leather armour of Gravity {rPois rF-
                  | Int+4 Stlth-}
  5970 | D:5      | Reached skill level 8 in Spellcasting
  6901 | D:6      | Reached XP level 9. HP: 45/45 MP: 15/23
  7114 | D:6      | Reached skill level 9 in Spellcasting
  7229 | D:6      | Found a broken altar of Ashenzari.
  7785 | D:6      | Noticed Blork the orc
  7791 | D:6      | Killed Blork the orc
  8225 | D:7      | Reached skill level 10 in Hexes
  8394 | D:7      | Reached skill level 10 in Spellcasting
  8654 | D:7      | Noticed a two-headed ogre
  8654 | D:7      | Noticed DemonSlayer's ghost (novice DEWz)
  8656 | D:7      | Found a transporter.
  8665 | D:7      | Reached skill level 5 in Dodging
  8675 | D:7      | Identified the +7 dagger "Ranoidet" {protect, rPois Str+5}
  8857 | D:7      | Reached XP level 10. HP: 50/50 MP: 10/26
  9075 | D:7      | Found a staircase to the Ecumenical Temple.
  9086 | Temple   | Entered the Ecumenical Temple
  9243 | Temple   | Became a worshipper of Gozag Ym Sagoz the Greedy
  9290 | D:7      | Noticed Harold
  9299 | D:7      | Killed Harold
  9300 | D:7      | Reached skill level 10 in Conjurations
  9464 | D:7      | Noticed a two-headed ogre
  9484 | D:7      | Killed a two-headed ogre
  9519 | D:7      | Learned a level 2 spell: Blink
  9654 | D:7      | Found a blossoming altar of Fedhas.
  9656 | D:7      | Found a sacrificial altar of Ru.
  9774 | D:7      | Found a transporter.
 10351 | D:8      | Reached skill level 11 in Spellcasting
 11307 | D:9      | Found a snail-covered altar of Cheibriados.
 11707 | D:9      | Reached XP level 11. HP: 54/54 MP: 14/28
 11722 | D:9      | Reached skill level 12 in Spellcasting
 11933 | D:9      | Found a faded altar of an unknown god.
 12281 | D:9      | Reached skill level 1 in Evocations
 12674 | D:9      | Found a staircase to the Lair.
 12749 | Lair:1   | Entered Level 1 of the Lair of Beasts
 13605 | Lair:1   | Reached skill level 13 in Spellcasting
 14120 | Lair:2   | Found a runed translucent door.
 14195 | Lair:2   | Reached skill level 14 in Spellcasting
 14224 | Lair:2   | Noticed a five-headed hydra
 14402 | Lair:2   | Noticed a five-headed hydra
 14411 | Lair:2   | Killed a five-headed hydra
 14509 | Lair:2   | Noticed Jingleheimer's ghost (journeyman MiEn)
 14560 | Lair:2   | Killed a five-headed hydra
 14647 | Lair:2   | Reached skill level 15 in Spellcasting
 14647 | Lair:2   | Reached XP level 12. HP: 59/59 MP: 9/33
 15034 | Lair:2   | Reached skill level 15 in Hexes
 15280 | Lair:2   | Found a staircase to the Swamp.
 15729 | Lair:2   | Identified the +2 hunting sling of Canel {vorpal, Str+4}
 16631 | Lair:2   | Reached skill level 16 in Spellcasting
 16892 | Lair:2   | Got the Reference Book on Unholy Arts and the Mountains
 18810 | D:9      | Bought a book of Dangerous Friends for 600 gold pieces
 18818 | D:9      | Learned a level 7 spell: Orb of Destruction
 18826 | D:9      | Learned a level 7 spell: Spellforged Servitor
 18869 | D:10     | Entered Level 10 of the Dungeon
 18889 | D:10     | Reached XP level 13. HP: 63/63 MP: 35/35
 18961 | D:10     | Reached skill level 1 in Summonings
 18974 | D:10     | Noticed Erica
 18977 | D:10     | Reached skill level 17 in Spellcasting
 18985 | D:10     | Killed Erica
 19166 | D:10     | Noticed Sonja
 19175 | D:10     | Killed Sonja
 19198 | D:10     | Identified the +1 robe of Darkness {Str+4 Dex-2 Slay+3
                  | Archmagi}
 20387 | D:11     | Reached skill level 5 in Summonings
 22126 | D:12     | Found a runed translucent gate.
 22127 | D:12     | Found a runed translucent gate.
 22129 | D:12     | Found a runed translucent gate.
 22129 | D:12     | Noticed Afrar's ghost (journeyman FoFi)
 22950 | D:12     | Learned a level 4 spell: Summon Lightning Spire
 23361 | D:12     | Found a staircase to the Orcish Mines.
 23594 | Orc:1    | Entered Level 1 of the Orcish Mines
 23625 | Orc:1    | Reached skill level 10 in Summonings
 24576 | Orc:2    | Entered Level 2 of the Orcish Mines
 24599 | Orc:2    | Noticed Donald
 24605 | Orc:2    | Killed Donald
 24606 | Orc:2    | Reached XP level 14. HP: 68/68 MP: 5/37
 24890 | Orc:2    | Found a staircase to the Elven Halls.
 25027 | Orc:2    | Found a shimmering blue altar of Sif Muna.
 25809 | D:9      | Bought a book of Scorching for 450 gold pieces
 25816 | D:9      | Learned a level 6 spell: Summon Cactus Giant
 26064 | Orc:2    | Noticed Saint Roka
 26777 | Orc:2    | Killed Saint Roka
 27113 | Orc:2    | Found Otes's Book Shop.
 27136 | Orc:2    | Found Beumoawo's Antique Weapon Shop.
 27139 | Orc:2    | Found Ograbb's Antique Armour Shop.
 27261 | Orc:2    | Found Aceawken's General Store.
 27268 | Orc:2    | Bought a scroll of identify for 34 gold pieces
 27268 | Orc:2    | Bought a scroll of identify for 34 gold pieces
 27300 | Orc:2    | Bought an embroidered robe for 118 gold pieces
 27300 | Orc:2    | Bought a pair of runed gloves for 240 gold pieces
 27337 | Orc:2    | Bought a book of Maledictions for 510 gold pieces
 27345 | Orc:2    | Learned a level 7 spell: Enfeeble
 28072 | Lair:4   | Reached skill level 18 in Spellcasting
 29276 | Lair:4   | Found a staircase to the Snake Pit.
 30579 | Lair:5   | Identified a scroll of acquirement
 30783 | D:9      | Bought a +1 cloak of willpower for 214 gold pieces
 30788 | D:9      | Acquired the ring of Joudghof {rC+ Slay+2}
 30898 | Lair:5   | Reached skill level 15 in Conjurations
 30978 | Lair:6   | Entered Level 6 of the Lair of Beasts
 31051 | Lair:6   | Reached XP level 15. HP: 72/72 MP: 7/39
 31159 | Lair:6   | Found a staircase to the Slime Pits.
 32493 | Lair:6   | Reached skill level 19 in Spellcasting
 33431 | Elf:1    | Entered Level 1 of the Elven Halls
 33593 | Elf:1    | Reached skill level 20 in Spellcasting
 33839 | Elf:1    | Learned a level 5 spell: Summon Forest
 33963 | Elf:1    | Paralysed by an air elemental for 1 turns
 34210 | Elf:1    | Identified the +8 ring mail of Blue Skies {Harm}
 34294 | Elf:1    | Noticed Agnes
 34354 | Elf:1    | Reached skill level 21 in Spellcasting
 34518 | Elf:1    | Killed Agnes
 35306 | Elf:1    | Got the Volume of Calling
 35315 | Elf:1    | Learned a level 7 spell: Summon Hydra
 35743 | Elf:2    | Reached XP level 16. HP: 76/76 MP: 36/43
 37089 | Elf:2    | Found a runed translucent gate.
 37089 | Elf:2    | Found a runed translucent gate.
 37089 | Elf:2    | Found a runed translucent gate.
 37609 | Elf:2    | Noticed a deep elf blademaster
 37623 | Elf:2    | Killed a deep elf blademaster
 37770 | Elf:2    | Reached skill level 15 in Summonings
 38451 | Elf:3    | Entered Level 3 of the Elven Halls
 38617 | Elf:3    | Noticed Roxanne
 38632 | Elf:3    | Killed Roxanne
 38677 | Elf:3    | Found Guxtiaha's Jewellery Shop.
 38677 | Elf:3    | Found Osenyl's Book Emporium.
 38678 | Elf:3    | Found Jotote Jute's Jewellery Shop.
 38692 | Elf:3    | Bought an amulet of the acrobat for 600 gold pieces
 38804 | Elf:3    | Found Adulidgh's Distillery.
 38812 | Elf:3    | Bought a potion of brilliance for 56 gold pieces
 38812 | Elf:3    | Bought 2 potions of haste for 280 gold pieces
 38812 | Elf:3    | Bought a potion of heal wounds for 70 gold pieces
 38812 | Elf:3    | Bought a potion of invisibility for 112 gold pieces
 38812 | Elf:3    | Bought a potion of brilliance for 56 gold pieces
 38812 | Elf:3    | Bought a potion of heal wounds for 70 gold pieces
 38812 | Elf:3    | Bought a potion of might for 56 gold pieces
 38812 | Elf:3    | Bought a potion of curing for 42 gold pieces
 39558 | Elf:3    | Noticed a deep elf master archer
 39782 | Elf:3    | Identified the ring of Mysticism {rPois Str+6 Dex+3}
 39877 | Elf:3    | Killed a deep elf master archer
 39996 | Elf:3    | Noticed a deep elf blademaster
 40004 | Elf:3    | Killed a deep elf blademaster
 40006 | Elf:3    | Noticed Asterion
 40010 | Elf:3    | Noticed an Executioner
 40030 | Elf:3    | Killed from afar by Asterion

Illustrated notes

Levels and vault maps discovered:
D:1:      eino_arrival_tree_alley, layout_basic, basic_ecumenical_altar,
          grunt_decor_cap
D:2:      layout_loops_ring
D:3:      layout_basic, minitemple, ebering_ghost_sewer_f, uniq_ijyb,
          uniq_jessica, uniq_crazy_yiuf_cottage
D:4:      layout_rooms, kennysheep_small_spiral, kennysheep_generic_room_3,
          uniq_duvessa
D:5:      layout_cave_pods, serial_shops, nicolae_shop_hallway_plus
D:6:      layout_basic, mainiacjoe_overflow_paths, uniq_blork_the_orc
D:7:      layout_basic, chequers_temple_overflow_statue_of_worship,
          minmay_temple_entry_purple_smoke, gammafunk_ghost_arena,
          kennysheep_generic_room_15, uniq_harold
D:8:      layout_gridville, worms_lemuel
D:9:      layout_cave_pods, kennysheep_little_box, erik_lair_dragon,
          serial_column_ruins, column_ruins_temple_circle,
          column_ruins_square_medium, column_ruins_corridor_straight,
          column_ruins_open_tiny, column_ruins_grid_3
D:10:     layout_long_grid, grunt_ministairs_3, glass_columns_a,
          kennysheep_boxes, uniq_erica, uniq_sonja
D:11:     layout_small_grid
D:12:     kennysheep_blocky_room, layout_irregular_city, david_orc_4,
          gammafunk_ghost_hydra_chop, serial_rivers,
          chequers_serial_rivers_marsh, chequers_serial_rivers_room_b,
          chequers_serial_rivers_large_b, chequers_serial_rivers_room_a,
          chequers_serial_rivers_micro_e, chequers_serial_rivers_micro_c
Temple:   eino_temple_scatter_basement
Lair:1:   layout_roguey, chequers_serial_rivers_micro_c, pond
Lair:2:   regret_index_wax_grids, layout_cave_pods, minmay_swamp_entry_worms,
          hellmonk_ghost_happy_afterlife, nicolae_lair_lil_pond
Lair:3:   layout_chaotic_city, kennysheep_abandoned_house, grunt_megastairs_5
Lair:4:   layout_cave_pods, guppyfry_snake_entry_island, serial_bayou_pond_d
Lair:5:   layout_regular_city, serial_bayou_crossing, lemuel_fruit_tree,
          serial_bayou_shore_b, serial_bayou_shore_a
Lair:6:   minmay_lair_end_frog_pond, layout_regular_city,
          minmay_slime_entry_jelly_boxes
Orc:1:    layout_caves
Orc:2:    grunt_orc_cross, layout_diamond_mine, portal_ice_cave_rime,
          basic_altar, led_sif_book, uniq_donald
Elf:1:    eino_elf_arrival_customs, layout_gridlike, minmay_elf_demonology,
          roderic_lattice_octagonal_star, lemuel_upstairs_altar, uniq_agnes
Elf:2:    nicolae_elf_blades_splatter_lattice [nicolae_blade_bullseye],
          layout_geoelf_octagon, laboratory
Elf:3:    grunt_elf_hall_asides, layout_geoelf_castle, serial_shops, shop,
          minmay_shop_grove, uniq_asterion, uniq_roxanne

Skill      XL: |  1  2  3  4  5  6  7  8  9 10 11 12 13 14 15 16 |
---------------+-------------------------------------------------+-----
Conjurations   | 5 6 7 9 11 12 13 15 16 17 | 17.0
Hexes          | 3 5 7 9 10 12 14 16 17 18 | 18.0
Spellcasting   | 4 5 7 8 10 11 15 16 17 18 21 | 21.0
Translocations | 3 4 5 |  5.0
Dodging        | 3 5 7 9 |  9.0
Stealth        | 3 |  3.0
Evocations     | 3 |  3.0
Summonings     | 10 12 15 | 15.3
Staves         | |  0.4
Armour         | |  0.5

Action                   |  1- 3 |  4- 6 |  7- 9 | 10-12 | 13-15 | 16-18 || total
-------------------------+-------+-------+-------+-------+-------+-------++-------
Melee: Mace              |       |     1 |       |       |       |       ||     1
       Punch             |       |     1 |       |       |       |       ||     1
       Dagger            |       |       |       |       |     8 |       ||     8
 Fire: Hunting sling     |       |       |     1 |       |       |       ||     1
Throw: Dart              |       |       |     3 |       |       |       ||     3
 Cast: Magic Dart        |    47 |    41 |    16 |     2 |     1 |       ||   107
       Searing Ray       |     1 |    24 |     9 |    10 |     8 |       ||    52
       Fulminant Prism   |       |     5 |    64 |   216 |   303 |    60 ||   648
       Iskenderun's Myst |       |       |     3 |    22 |    30 |     3 ||    58
       Spellforged Servi |       |       |       |       |    64 |    33 ||    97
       Summon Lightning  |       |       |       |       |    33 |     9 ||    42
       Orb of Destructio |       |       |       |       |    34 |    18 ||    52
       Blink             |       |       |       |       |    12 |     1 ||    13
       Summon Cactus Gia |       |       |       |       |    22 |    11 ||    33
       Summon Hydra      |       |       |       |       |     2 |    15 ||    17
       Summon Forest     |       |       |       |       |     1 |     1 ||     2
       Enfeeble          |       |       |       |       |       |     2 ||     2
Invok: Call Merchant     |       |       |       |     1 |     2 |       ||     3
Evoke: Wand              |       |       |       |       |     3 |       ||     3
       Condenser vane    |       |       |       |       |       |     1 ||     1
  Use: Scroll            |     1 |     9 |     7 |     7 |     8 |     2 ||    34
       Potion            |       |       |       |     1 |     3 |     5 ||     9
Armor: Robe              |       |     5 |     2 |     4 |    19 |     1 ||    31
       Skin              |       |     1 |       |       |       |       ||     1
Dodge: Dodged            |     2 |    10 |     3 |    10 |    50 |    16 ||    91
Block: Other             |       |       |       |     4 |     8 |       ||    12
       Reflection        |       |       |       |     2 |     4 |       ||     6
